 Dungeon Crawl Stone Soup version 0.23.0-38-g208d714 (webtiles) character file.

Game seed: 10045687581342067497

10688 Fang the Fighter (level 11, 0/73 HPs)
             Began as a Gargoyle Berserker on Feb 28, 2019.
             Was a High Priest of Trog.
             Slain by a wyvern (4 damage)
             ... on level 10 of the Dungeon.
             The game lasted 00:09:28 (8453 turns).

Fang the Fighter (Gargoyle Berserker)               Turns: 8453, Time: 00:09:29

Health: 0/73       AC: 29    Str: 24    XL:     11   Next: 66%
Magic:  11/11      EV: 10    Int:  8    God:    Trog [*****.]
Gold:   410        SH:  0    Dex:  9    Spells: 10/10 levels left

rFire    . . .     SeeInvis .   s - +2 war axe
rCold    . . .     Gourm    .   (no shield)
rNeg     + . .     Faith    .   n - +0 plate armour
rPois    ∞         Spirit   .   x - +1 hat
rElec    +         Reflect  .   (no cloak)
rCorr    +         Harm     .   (no gloves)
MR       .....                  o - +0 pair of boots
Stlth    ..........             p - amulet of rage
HPRegen  0.22/turn              a - ring of resist corrosion
MPRegen  0.12/turn              z - +4 ring of protection

@: confused, berserk cooldown, slowed, very slow
A: negative energy resistance 1, electricity resistance, unbreathing,
petrification resistance, rot immunity, AC +8
a: Berserk, Trog's Hand, Brothers in Arms, Renounce Religion, Evoke Berserk Rage


You were on level 10 of the Dungeon.
You worshipped Trog.
Trog was extremely pleased with you.
You were very hungry.

You visited 2 branches of the dungeon, and saw 11 of its levels.

You collected 410 gold pieces.

Inventory:

Hand Weapons
 s - a +2 war axe (weapon)
Armour
 n - a +0 plate armour (worn)
 o - a +0 pair of boots (worn)
 x - a +1 hat (worn)
Jewellery
 a - a ring of resist corrosion (left hand)
 h - an uncursed ring of ice
 p - an amulet of rage (around neck)
 z - a +4 ring of protection (right hand)
Wands
 u - a wand of paralysis (16)
 y - a wand of enslavement (15)
 A - a wand of clouds (1)
Scrolls
 e - 6 scrolls of identify
 f - 3 scrolls of fear
 j - 4 scrolls of teleportation
 l - a scroll of magic mapping
 r - 3 scrolls of remove curse
 w - a scroll of holy word {unknown}
Potions
 b - a potion of brilliance
 g - 7 potions of curing
 i - 3 potions of heal wounds
 k - 2 potions of resistance
 m - a potion of might
 q - 5 potions of agility
 t - a potion of haste
 v - a potion of flight
 B - 2 potions of mutation
Comestibles
 c - 24 rations
 d - 12 chunks of flesh


   Skills:
 + Level 10.4 Fighting
 + Level 8.8 Axes
 + Level 10.1 Armour
 + Level 7.8 Dodging


You had 10 spell levels left.
You didn't know any spells.
Your spell library was empty.

Dungeon Overview and Level Annotations

Branches:
Dungeon (10/15)            Temple (1/1) D:4            Lair (0/6) D:9
    Orc: D:9-12

Altars:
Cheibriados
Gozag
Hepliaklqana
Makhleb
Nemelex Xobeh
Uskayaw
Zin
The Shining One

Shops:
D:4 }

Annotations:
D:9 1 runed translucent door
D:10 Maurice


Innate Abilities, Weirdness & Mutations

You are resistant to torment.
Your stone body is resilient. (AC +8)
You are immune to poison.
You resist negative energy. (rN+)
You are resistant to electric shocks. (rElec)
You can survive without breathing.
You are immune to petrification.
You are immune to rotting.


Message History

You hear some strange, mumbled words.
You are confused.
The orc warrior hits you but does no damage.
The killer bee closely misses you.
The wyvern bites you but does no damage.
The killer bee misses you. Something hits you but does no damage.
The killer bee stings you.
* * * LOW HITPOINT WARNING * * *
The orc warrior closely misses you.
The wyvern bites you but does no damage.
You barely miss the killer bee.
The killer bee is severely wounded.
You slash the killer bee!
You kill the killer bee!
Trog accepts your kill.
You miss something. You barely miss the wyvern.
The killer bee stings you but does no damage. x2
The wyvern closely misses you. Something hits you but does no damage.
The killer bee misses you. The wyvern bites you.
You die...

..#
#....#..##########
≈... #.#####.## ##
≈.#.###.........
..
≈...........$....
..
........#####.###
......#.#
........#
.##.#.{[# #...†@#
....#.#yl#
.......{o..
.####......#
.........
##...#..##.
#...#.[# #
........


You could see an orc warrior, a wyvern and a killer bee.

Vanquished Creatures
  A two-headed ogre (D:9)
  A gargoyle (D:9)
  3 trolls
  A hippogriff (D:8)
  2 dream sheep (D:9)
  Sigmund (D:2)
  A wraith (D:10)
  17 yaks
  A porcupine (D:9)
  4 orc warriors
  4 sky beasts
  A phantom (D:5)
  4 black bears
  5 ice beasts
  An ogre (D:5)
  A necrophage (D:5)
  2 crocodiles (D:9)
  4 centaurs (D:9)
  2 big kobolds (D:9)
  6 bullfrogs
  5 scorpions
  A killer bee (D:10)
  5 howler monkeys
  2 centaur zombies
  A crimson imp (D:4)
  5 bullfrog zombies
  7 hounds
  A jelly (D:8)
  2 bullfrog skeletons
  11 orc priests
  7 orc wizards
  A centaur skeleton (D:9)
  6 iguanas
  4 worker ants
  Natasha (thrice) (D:4)
  A killer bee zombie (D:7)
  2 worker ant zombies (D:5)
  A howler monkey zombie (D:6)
  15 adders
  4 gnolls (D:9)
  4 shadow imps
  2 oozes
  2 adder zombies
  3 adder skeletons
  A worm (D:4)
  4 dart slugs
  5 leopard geckos
  44 orcs
  A ball python (D:4)
  17 bats
  6 giant cockroaches
  3 goblins
  5 hobgoblins
  12 jackals
  6 kobolds
  4 quokkas
  8 frilled lizards
  A jackal skeleton (D:4)
  4 rats
  2 plants (D:9)
280 creatures vanquished.

Vanquished Creatures (collateral kills)
  A hydra (D:9)
  A big kobold (D:9)
2 creatures vanquished.

Vanquished Creatures (others)
  38 fungi (D:9)
  30 plants (D:9)
68 creatures vanquished.

Grand Total: 350 creatures vanquished

Notes
Turn   | Place    | Note
-------+----------+-------------------------------------------
     0 | D:1      | Fang the Gargoyle Berserker began the quest for the Orb.
     0 | D:1      | Reached XP level 1. HP: 14/14 MP: 1/1
    34 | D:1      | Reached XP level 2. HP: 12/19 MP: 2/2
   659 | D:1      | Reached XP level 3. HP: 24/24 MP: 3/3
   878 | D:2      | Noticed Sigmund
  1031 | D:2      | Killed Sigmund
  1031 | D:2      | Reached XP level 4. HP: 30/30 MP: 4/4
  1031 | D:2      | Reached XP level 5. HP: 34/34 MP: 5/5
  1130 | D:2      | Found a hazy altar of Hepliaklqana.
  1262 | D:2      | Reached ** piety under Trog
  1333 | D:2      | Reached XP level 6. HP: 28/39 MP: 6/6
  1684 | D:2      | You fall through a shaft for 2 floors!
  1819 | D:4      | Found Quopov's Gadget Boutique.
  1889 | D:4      | Found a staircase to the Ecumenical Temple.
  2053 | D:4      | Reached skill level 5 in Fighting
  2178 | D:4      | Reached XP level 7. HP: 36/44 MP: 7/7
  2182 | D:4      | Reached *** piety under Trog
  2377 | D:4      | Noticed Natasha
  2384 | D:4      | Killed Natasha
  2650 | Temple   | Entered the Ecumenical Temple
  2799 | D:4      | Noticed Natasha
  2804 | D:4      | Killed Natasha
  2930 | D:4      | Noticed Natasha
  2939 | D:4      | Killed Natasha
  3591 | D:5      | Entered Level 5 of the Dungeon
  3762 | D:5      | Reached skill level 5 in Armour
  3815 | D:5      | Reached XP level 8. HP: 36/51 MP: 8/8
  4052 | D:5      | Reached skill level 5 in Axes
  4610 | D:5      | Found a snail-covered altar of Cheibriados.
  4832 | D:6      | Reached **** piety under Trog
  4924 | D:6      | Reached XP level 9. HP: 55/56 MP: 9/9
  5262 | D:6      | Reached skill level 5 in Dodging
  6545 | D:8      | Reached ***** piety under Trog
  6678 | D:8      | Found a glowing silver altar of Zin.
  6898 | D:9      | Noticed a troll
  6902 | D:9      | Reached XP level 10. HP: 57/64 MP: 10/10
  7003 | D:9      | Noticed a two-headed ogre
  7016 | D:9      | Killed a two-headed ogre
  7033 | D:9      | Received a gift from Trog
  7068 | D:9      | Reached XP level 11. HP: 53/71 MP: 11/11
  7079 | D:9      | Found a staircase to the Lair.
  7273 | D:9      | Found a runed translucent door.
  7273 | D:9      | Noticed a deep troll earth mage
  7273 | D:9      | Noticed a centaur warrior
  7273 | D:9      | Noticed a fire giant
  7275 | D:9      | Noticed a deep elf mage
  7275 | D:9      | Noticed a great orb of eyes
  7275 | D:9      | Noticed a deep elf mage
  7275 | D:9      | Noticed a four-headed hydra
  7276 | D:9      | Found the cursed necklace of Bloodlust {*Rage +Rage MR++
                  | Int-3 Slay+6 *Curse}
  7755 | D:9      | Found an opulent altar of Gozag.
  7864 | D:9      | Reached skill level 10 in Fighting
  7901 | D:9      | Noticed a two-headed hydra
  7923 | D:9      | HP: 3/72 [12-headed hydra (7)]
  7927 | D:9      | Killed a 12-headed hydra
  8272 | D:10     | Entered Level 10 of the Dungeon
  8403 | D:10     | Reached skill level 10 in Armour
  8439 | D:10     | Noticed Maurice
  8453 | D:10     | Slain by a wyvern

Skill      XL: |  1  2  3  4  5  6  7  8  9 10 11 |
---------------+----------------------------------+-----
Axes           | 3 4 5 6 8 |  8.8
Dodging        | 2 3 4 5 7 |  7.8
Fighting       | 4 5 6 8 9 10 | 10.4
Armour         | 3 4 5 6 7 9 10 | 10.1

Action                   |  1- 3 |  4- 6 |  7- 9 | 10-12 || total
-------------------------+-------+-------+-------+-------++-------
Melee: Hand axe          |    71 |   218 |    19 |       ||   308
       War axe           |       |       |   550 |   291 ||   841
Invok: Berserk           |     1 |     1 |     1 |     5 ||     8
       Brothers in Arms  |       |       |       |     2 ||     2
  Use: Scroll            |       |     3 |    17 |       ||    20
       Potion            |       |       |       |     1 ||     1
  Eat: Chunk             |       |     7 |    17 |    10 ||    34
Armor: Animal skin       |     3 |       |       |       ||     3
       Chain mail        |    64 |    57 |       |       ||   121
       Plate armour      |       |   154 |   541 |   338 ||  1033
Dodge: Dodged            |    71 |   124 |   332 |   248 ||   775
